 Dungeon Crawl Stone Soup version 0.29.0-11-gd7f09526c8 (webtiles) character file.

Game seed: 6900883772379435310

69 greasedhog the Sneak (level 4, -1/27 HPs)
             Began as a Vampire Abyssal Knight on Sept 2, 2022.
             Was an Initiate of Dithmenos.
             Slain by a small abomination (16 damage)
             ... created by the touch of Lugonu
             ... on level 3 of the Dungeon.
             The game lasted 00:02:36 (2065 turns).

greasedhog the Sneak (Vampire Abyssal Knight)       Turns: 2065, Time: 00:02:36

Health: -1/27      AC:  4    Str: 10 (12) XL:     4   Next: 2%
Magic:  5/5        EV: 12    Int: 10 (12) God:    Dithmenos [......]
Gold:   93         SH:  5    Dex: 14 (16) Spells: 3/3 levels left

rFire   . . .      SeeInvis +   n - +1 short sword (venom)
rCold   + + +      Faith    .   (no shield)
rNeg    + + +      Spirit   .   b - +0 leather armour
rPois   ∞          Reflect  +   (no helmet)
rElec   .          Harm     .   k - +0 cloak
rCorr   .          Rampage  .   (no gloves)
Will    +....                   (no boots)
Stlth   ++++......              p - amulet of reflection
HPRegen 0.00/turn               e - ring of willpower
MPRegen 0.09/turn               a - ring of protection from cold

@: attractive, bloodless, inhibited regen
A: bloodless, fangs 3, see invisible, vampiric 2
a: Bat Form, Revivify, Renounce Religion


You were on level 3 of the Dungeon.
You worshipped Dithmenos.
Dithmenos was noncommittal.
You visited 1 branch of the dungeon, and saw 3 of its levels.
You visited the Abyss 1 time.

You collected 93 gold pieces.

Inventory:

Hand Weapons
 n - a +1 short sword of venom (weapon)
Armour
 b - a +0 leather armour (worn)
 k - a +0 cloak (worn)
Jewellery
 a - a ring of protection from cold (right hand)
 e - a ring of willpower (left hand)
 p - an amulet of reflection (around neck)
Scrolls
 f - a scroll of brand weapon
 g - 2 scrolls of magic mapping
 h - 2 scrolls of teleportation {unknown}
 i - a scroll of poison {unknown}
 l - a scroll of amnesia
 r - a scroll of identify
Potions
 c - 2 potions of lignification
 m - a potion of cancellation {unknown}
 o - a potion of flight {unknown}
 q - a potion of haste {unknown}


   Skills:
 - Level 2.6 Fighting
 * Level 3.7 Short Blades
 - Level 0.7 Armour
 - Level 2.1 Dodging
 * Level 4.1 Stealth
 - Level 1.5 Invocations


You had 3 spell levels left.
You didn't know any spells.
Your spell library contained the following spells:

 Spells                   Type           Power      Damage    Failure   Level
 Conjure Flame            Conj/Fire      0%         6-21      83%         3
 Gell's Gravitas          Tloc           0%         N/A       83%         3
 Ignite Poison            Fire/Tmut/Pois 0%         N/A       83%         3
 Lesser Beckoning         Tloc           0%         N/A       83%         3
 Teleport Other           Tloc           0%         N/A       83%         3
 Animate Armour           Summ/Erth      0%         N/A       99%         4
 Sticky Flame             Conj/Fire      0%         2d3       99%         4
 Alistair's Intoxication  Tmut/Pois      0%         N/A       100%        5
 Blade Hands              Tmut           0%         N/A       100%        5
 Borgnjor's Vile Clutch   Necr/Erth      0%         N/A       100%        5
 Eringya's Noxious Bog    Tmut/Pois      0%         N/A       100%        6
 Iron Shot                Conj/Erth      0%         9d1       100%        6


Dungeon Overview and Level Annotations

Branches:
Dungeon (3/15)

Altars:
Dithmenos
Qazlal
Uskayaw

Annotations:
D:3 3 runed translucent doors


Innate Abilities, Weirdness & Mutations

You do not regenerate when monsters are visible.
You are frail without blood (-20% HP).
You can heal yourself when you bite living creatures.
You are immune to poison.
You have razor-sharp teeth.
You have supernaturally acute eyesight. (SInv)
You are afflicted with vampirism and can become a bat while bloodless.


Message History

An adder comes into view.
An adder is nearby!
An adder is nearby!
The helpless adder fails to defend itself.
You bite the adder, and draw its blood! You impale the adder!!
You kill the adder!
Dithmenos accepts your kill.
Your Stealth skill increases to level 4!
You have reached level 4!
Search for what [Enter for "short", or ? for help]? dag Lugonu sends minions to punish you.
A small abomination comes into view.
Okay, then.
You closely miss the small abomination.
You bite the small abomination, but do no damage.
The small abomination closely misses you.
You hit the small abomination.
The small abomination is lightly damaged.
The small abomination hits you.
You barely miss the small abomination.
The small abomination is lightly damaged.
The small abomination barely misses you.
Your unliving flesh cannot be transformed in this way.
You hit the small abomination.
You bite the small abomination, but do no damage.
The small abomination is lightly damaged.
The small abomination misses you.
You hit the small abomination. You bite the small abomination.
The small abomination is moderately damaged.
The small abomination closely misses you.
The small abomination misses you.
It was a potion of degeneration.
There was something very wrong with that liquid.
You feel weakened.
You feel dopey.
You feel clumsy. The small abomination hits you!
It was a potion of attraction.
You feel attractive to monsters. The small abomination hits you!
Ouch! That really hurt!
You die...

.#..##.# #.# #.##.##.# ####.#...
...8#..###.###.##.##.####........
...##.....................##.....
.#.###.##..###.....#.####.##.#...
_#⌠# #.#...........#.#...........
######.............#.####.##.....
.##..###...##......#.# #........
.......#...##.####.#.# ####.....
...............<@x.#.#######.#...
.#.#.............................
.#.#####...................###.##
##.............................##
.)..............)..........##..##
##.#.###.#.#..####.#.###...##....
.....>..................)..#.....
##.#.#........######.###..<#...##
#.#.'.##...########.# #...#...##


You could see a small abomination.

Vanquished Creatures
  An adder (D:3)
  2 worms
  4 dart slugs
  An orc (D:3)
  4 ball pythons
  5 endoplasms
  2 giant cockroaches (D:1)
  3 goblins
  5 hobgoblins
  2 jackals (D:1)
  2 bats (D:3)
  A frilled lizard (D:2)
  3 kobolds
  9 rats
44 creatures vanquished.

Notes
Turn   | Place    | Note
-------+----------+-------------------------------------------
     0 | Abyss:1  | greasedhog the Vampire Abyssal Knight began the quest for
                  | the Orb.
     0 | Abyss:1  | Reached XP level 1. HP: 17/17 MP: 2/2
     1 | D:1      | Escaped the Abyss
    35 | D:1      | Reached skill level 1 in Stealth
   134 | D:1      | Reached XP level 2. HP: 20/23 MP: 3/3
   165 | D:1      | Reached skill level 2 in Stealth
   468 | D:1      | Reached skill level 3 in Stealth
   468 | D:1      | Gained mutation: You are afflicted with vampirism and can
                  | become a bat while bloodless. [Vampire growth]
   468 | D:1      | Reached XP level 3. HP: 25/28 MP: 4/4
   653 | D:2      | Found a faded altar of an unknown god.
   661 | D:2      | Reached *** piety under Lugonu
  1241 | D:3      | Found a stormy altar of Qazlal.
  1251 | D:3      | Found a shadowy altar of Dithmenos.
  1252 | D:3      | Found a hide-covered altar of Uskayaw.
  1381 | D:3      | Fell from the grace of Lugonu
  1381 | D:3      | Became a worshipper of Dithmenos the Shadowed
  1421 | D:3      | Identified the +9 trident of Certain Death {flame, Contam
                  | *Slow +Blink rPois}
  1475 | D:3      | Found a runed translucent gate.
  1481 | D:3      | Found a runed translucent gate.
  1886 | D:3      | Found a runed translucent gate.
  2034 | D:3      | Reached skill level 4 in Stealth
  2034 | D:3      | Reached XP level 4. HP: 27/27 MP: 5/5
  2050 | D:3      | Noticed a small abomination
  2065 | D:3      | Slain by a small abomination

Illustrated notes

Levels and vault maps discovered:
D:1:      shiori_shiawase, layout_rooms
D:2:      layout_basic, basic_ecumenical_altar, chequers_serial_rivers_micro_e
D:3:      layout_basic, minitemple, serial_corexii_hall,
          chequers_hall_statues_y, corexii_hall_statues_t,
          gammafunk_ghost_necromancy

Skill      XL: |  1  2  3 |
---------------+----------+-----
Stealth        | 1 3 4 |  4.1
Short Blades   | 3 |  3.7
Fighting       | |  2.6
Armour         | |  0.7
Dodging        | |  2.1
Invocations    | |  1.5

Action                   |  1- 3 |  4- 6 || total
-------------------------+-------+-------++-------
Melee: Short sword       |   127 |     5 ||   132
       Bite              |    15 |     3 ||    18
       Punch             |     1 |       ||     1
 Abil: Exsanguinate      |     1 |       ||     1
  Use: Scroll            |     6 |       ||     6
       Potion            |       |     2 ||     2
 Stab: Sleeping          |    10 |       ||    10
Armor: Leather armour    |    21 |       ||    21
Dodge: Dodged            |    39 |     5 ||    44
Block: Other             |     2 |       ||     2
